ITL
OTSEGO BULLDOGS @ TRENTON STARS
07/10/2027
 
TOP OF THE 1ST
Otsego Bulldogs batting - Pitching for Trenton Stars : RHP Rusty van Rhee
Pitching: RHP Rusty van Rhee
Batting: LHB Mario Cornelo 0-0: Swinging Strike
0-1: Ball
1-1: Ball
2-1: Foul Ball, location: 2F
2-2: Ball
3-2: Base on Balls
Batting: RHB Ryosei Yamamoto 0-0: Called Strike
0-1: Ball
1-1: Ball
2-1: Called Strike
2-2: SINGLE (Line Drive, 7LS)
Mario Cornelo to second
Batting: RHB Jorge Cisneros 0-0: Ball
1-0: Foul Ball, location: 2F
1-1: 3-RUN HOME RUN (Flyball, 7D), Distance : 366 ft
Batting: RHB Patrick Potts 0-0: Foul Ball, location: 2F
0-1: Ball
1-1: Foul Ball, location: 2F
1-2: Fly out, F9 (Flyball, 9S)
Batting: RHB Jim Beck 0-0: Called Strike
0-1: Foul Ball, location: 2F
0-2: Ball
1-2: Strikes out looking
Batting: RHB Armando Cuevas 0-0: Ball
1-0: Ball
2-0: SINGLE (Line Drive, 34D)
Batting: RHB Ramiro Chávez 0-0: Foul Ball, location: 2F
0-1: Ball
1-1: Swinging Strike
1-2: Ball
2-2: Foul Ball, location: 2F
2-2: Foul Ball, location: 2F
2-2: Foul Ball, location: 2F
2-2: Fly out, F5 (Popup, 5D)
Top of the 1st over - 3 run(s), 3 hit(s), 0 error(s), 1 left on base; Otsego 3 - Trenton 0
BOTTOM OF THE 1ST
Trenton Stars batting - Pitching for Otsego Bulldogs : RHP Troy Parker
Pitching: RHP Troy Parker
Batting: SHB Nick Marshall 0-0: Swinging Strike
0-1: Ball
1-1: Ball
2-1: Foul Ball, location: 2F
2-2: Ball
3-2: Strikes out swinging
Batting: RHB Felipe Olivas 0-0: SINGLE (Groundball, 3D)
Batting: RHB Rafael Canales 0-0: Ball
1-0: Ball
2-0: Grounds into double play, 6-4-3 (Groundball, 6)
Bottom of the 1st over - 0 run(s), 1 hit(s), 0 error(s), 0 left on base; Otsego 3 - Trenton 0
TOP OF THE 2ND
Otsego Bulldogs batting - Pitching for Trenton Stars : RHP Rusty van Rhee
Batting: RHB Kyung-bok Cho 0-0: Ground out 5-3 (Groundball, 56)
Batting: RHB José Martínez 0-0: Ball
1-0: Foul Ball, location: 2F
1-1: Foul Ball, location: 2F
1-2: Strikes out looking
Batting: LHB Mario Cornelo 0-0: Swinging Strike
0-1: Ball
1-1: DOUBLE (Line Drive, 8RXD)
Batting: RHB Ryosei Yamamoto 0-0: Called Strike
0-1: Foul Ball, location: 2F
0-2: Ball
1-2: Foul Ball, location: 2F
1-2: Ball
2-2: Foul Ball, location: 2F
2-2: Ball
3-2: Base on Balls
Batting: RHB Jorge Cisneros 0-0: Foul Ball, location: 2F
0-1: Called Strike
0-2: Fly out, F9 (Flyball, 9S)
Top of the 2nd over - 0 run(s), 1 hit(s), 0 error(s), 2 left on base; Otsego 3 - Trenton 0
BOTTOM OF THE 2ND
Trenton Stars batting - Pitching for Otsego Bulldogs : RHP Troy Parker
Batting: LHB Lee Burton 0-0: Ball
1-0: Ground out U3 (Groundball, 34)
Batting: LHB Ricardo Brandariz 0-0: Ball
1-0: Foul Ball, location: 2F
1-1: Foul Ball, location: 2F
1-2: Strikes out swinging
Batting: RHB Gabriel Villegas 0-0: Called Strike
0-1: Foul Ball, location: 2F
0-2: Foul Ball, location: 2F
0-2: Ground out 1-3 (Groundball, P)
Bottom of the 2nd over - 0 run(s), 0 hit(s), 0 error(s), 0 left on base; Otsego 3 - Trenton 0
TOP OF THE 3RD
Otsego Bulldogs batting - Pitching for Trenton Stars : RHP Rusty van Rhee
Batting: RHB Patrick Potts 0-0: Swinging Strike
0-1: Foul Ball, location: 2F
0-2: Foul Ball, location: 2F
0-2: SINGLE (Line Drive, 4MD)
Batting: RHB Jim Beck 0-0: Foul Ball, location: 2F
0-1: Ball
1-1: Ball
2-1: Ball
3-1: Base on Balls
Patrick Potts to second
Batting: RHB Armando Cuevas 0-0: Called Strike
0-1: Ball
1-1: Foul Ball, location: 2F
1-2: Reached on error, E1 (Groundball, 15S)
Patrick Potts to third
Jim Beck to second
Batting: RHB Ramiro Chávez 0-0: Ball
1-0: Foul Ball, location: 2F
1-1: Grounds into double play, 5-4-3 (Groundball, 56)
Patrick Potts scores
Jim Beck to third
Batting: RHB Kyung-bok Cho 0-0: SINGLE (Flyball, 7S)
Jim Beck scores
Batting: RHB José Martínez 0-0: SINGLE (Groundball, 34D)
Kyung-bok Cho to second
Runner from 2nd tries for 3rd, SAFE, no throw
Batting: LHB Mario Cornelo 0-0: Ball
1-0: Fly out, F7 (Flyball, 7S)
Top of the 3rd over - 2 run(s), 3 hit(s), 1 error(s), 2 left on base; Otsego 5 - Trenton 0
BOTTOM OF THE 3RD
Trenton Stars batting - Pitching for Otsego Bulldogs : RHP Troy Parker
Batting: RHB Clancy Booker 0-0: Ball
1-0: SINGLE (Line Drive, 4)
Batting: RHB Kenji Murayama 0-0: Called Strike
0-1: Hit by Pitch
Clancy Booker to second
Batting: RHB José Barajas 0-0: Ball
1-0: Foul Ball, location: 2F
1-1: Ball
2-1: Swinging Strike
2-2: Fielders Choice at 2nd, 6-4 (Groundball, 6)
Clancy Booker to third
Batting: SHB Nick Marshall 0-0: Foul Ball, location: 2F
0-1: Ball
1-1: Called Strike
1-2: Ball
2-2: Foul Ball, location: 2F
2-2: Strikes out swinging
Batting: RHB Felipe Olivas 0-0: SINGLE (Line Drive, 8LS)
Clancy Booker scores
José Barajas to second
Batting: RHB Rafael Canales 0-0: Called Strike
0-1: Swinging Strike
0-2: Strikes out swinging
Bottom of the 3rd over - 1 run(s), 2 hit(s), 0 error(s), 2 left on base; Otsego 5 - Trenton 1
TOP OF THE 4TH
Otsego Bulldogs batting - Pitching for Trenton Stars : RHP Rusty van Rhee
Batting: RHB Ryosei Yamamoto 0-0: Ground out 5-3 (Groundball, 5S)
Batting: RHB Jorge Cisneros 0-0: Fly out, F7 (Line Drive, 7)
Batting: RHB Patrick Potts 0-0: SINGLE (Flyball, 89S)
Batting: RHB Jim Beck 0-0: Foul Ball, location: 2F
0-1: Called Strike
0-2: Ball
1-2: Strikes out looking
Top of the 4th over - 0 run(s), 1 hit(s), 0 error(s), 1 left on base; Otsego 5 - Trenton 1
BOTTOM OF THE 4TH
Trenton Stars batting - Pitching for Otsego Bulldogs : RHP Troy Parker
Batting: LHB Lee Burton 0-0: SINGLE (Groundball, 6) (infield hit)
Batting: LHB Ricardo Brandariz 0-0: Called Strike
0-1: Called Strike
0-2: Ball
1-2: Ball
2-2: Fly out, F9 (Line Drive, 89M)
Batting: RHB Gabriel Villegas 0-0: Ball
1-0: Swinging Strike
1-1: Ball
2-1: Called Strike
2-2: Strikes out swinging
Batting: RHB Clancy Booker 0-0: Ball
1-0: Foul Ball, location: 2F
1-1: SINGLE (Groundball, 56D)
Lee Burton to second
Batting: RHB Kenji Murayama 0-0: Called Strike
0-1: Ball
1-1: Ball
2-1: Ball
3-1: Fielders Choice at 2nd, 5-4 (Groundball, 5)
Bottom of the 4th over - 0 run(s), 2 hit(s), 0 error(s), 1 left on base; Otsego 5 - Trenton 1
TOP OF THE 5TH
Otsego Bulldogs batting - Pitching for Trenton Stars : RHP Rusty van Rhee
Batting: RHB Armando Cuevas 0-0: Called Strike
0-1: Ball
1-1: Swinging Strike
1-2: Foul Ball, location: 2F
1-2: SINGLE (Groundball, 56D)
Batting: RHB Ramiro Chávez 0-0: Fly out, F6 (Popup, 56)
Batting: RHB Kyung-bok Cho 0-0: Foul Ball, location: 2F
0-1: Called Strike
0-2: Foul Ball, location: 2F
0-2: SINGLE (Groundball, 56D)
Armando Cuevas to second
Batting: RHB José Martínez 0-0: Ball
1-0: Ball
2-0: Ball
3-0: Called Strike
3-1: Called Strike
3-2: SINGLE (Line Drive, 4)
Armando Cuevas to third
Kyung-bok Cho to second
Batting: LHB Mario Cornelo 0-0: Called Strike
0-1: Foul Ball, location: 2F
0-2: Ball
1-2: Fly out, F5 (Line Drive, 56S)
Batting: RHB Ryosei Yamamoto 0-0: Called Strike
0-1: Ball
1-1: Ball
2-1: Foul Ball, location: 2F
2-2: SINGLE (Groundball, 3S) (infield hit)
Armando Cuevas scores
Kyung-bok Cho to third
José Martínez to second
Pitching: RHP José Gómez
Batting: RHB Jorge Cisneros 0-0: Ball
1-0: Ball
2-0: Called Strike
2-1: Ball
3-1: Foul Ball, location: 2F
3-2: Foul Ball, location: 2F
3-2: SINGLE (Flyball, 9S)
Kyung-bok Cho scores
José Martínez to third
Ryosei Yamamoto to second
José Martínez scores
Ryosei Yamamoto to third
Batting: RHB Patrick Potts 0-0: Called Strike
0-1: Ball
1-1: Ball
2-1: Foul Ball, location: 2F
2-2: 3-RUN HOME RUN (Flyball, 7LD), Distance : 357 ft
Batting: RHB Jim Beck 0-0: Fly out, F4 (Popup, 4)
Top of the 5th over - 6 run(s), 6 hit(s), 0 error(s), 0 left on base; Otsego 11 - Trenton 1
BOTTOM OF THE 5TH
Trenton Stars batting - Pitching for Otsego Bulldogs : RHP Troy Parker
Batting: RHB José Barajas 0-0: Ball
1-0: Foul Ball, location: 2F
1-1: Swinging Strike
1-2: Ball
2-2: Strikes out swinging
Batting: SHB Nick Marshall 0-0: Ball
1-0: Ground out 4-3 (Groundball, 4)
Batting: RHB Felipe Olivas 0-0: Ball
1-0: Swinging Strike
1-1: Called Strike
1-2: Ball
2-2: Strikes out looking
Bottom of the 5th over - 0 run(s), 0 hit(s), 0 error(s), 0 left on base; Otsego 11 - Trenton 1
TOP OF THE 6TH
Otsego Bulldogs batting - Pitching for Trenton Stars : RHP José Gómez
Batting: RHB Armando Cuevas 0-0: Called Strike
0-1: Ball
1-1: Ball
2-1: Called Strike
2-2: Ball
3-2: Base on Balls
Batting: RHB Ramiro Chávez 0-0: Ball
1-0: Grounds into double play, 5-4-3 (Groundball, 5)
Batting: RHB Kyung-bok Cho 0-0: Swinging Strike
0-1: Ball
1-1: Foul Ball, location: 2F
1-2: Ball
2-2: Foul Ball, location: 2F
2-2: Strikes out looking
Top of the 6th over - 0 run(s), 0 hit(s), 0 error(s), 0 left on base; Otsego 11 - Trenton 1
BOTTOM OF THE 6TH
Trenton Stars batting - Pitching for Otsego Bulldogs : RHP Troy Parker
Batting: RHB Rafael Canales 0-0: Called Strike
0-1: Foul Ball, location: 2F
0-2: Ball
1-2: Strikes out swinging
Batting: LHB Lee Burton 0-0: Fly out, F7 (Flyball, 7LS)
Batting: LHB Ricardo Brandariz 0-0: Ball
1-0: Ball
2-0: Fly out, F9 (Flyball, 9)
Bottom of the 6th over - 0 run(s), 0 hit(s), 0 error(s), 0 left on base; Otsego 11 - Trenton 1
TOP OF THE 7TH
Otsego Bulldogs batting - Pitching for Trenton Stars : RHP José Gómez
Batting: RHB José Martínez 0-0: Ball
1-0: Ball
2-0: Called Strike
2-1: Swinging Strike
2-2: Strikes out swinging
Batting: LHB Mario Cornelo 0-0: Called Strike
0-1: Ball
1-1: Foul Ball, location: 2F
1-2: Strikes out looking
Batting: RHB Ryosei Yamamoto 0-0: Ball
1-0: Ball
2-0: Called Strike
2-1: Foul Ball, location: 2F
2-2: Ball
3-2: Base on Balls
Batting: RHB Jorge Cisneros 0-0: Fly out, F5 (Popup, 56)
Top of the 7th over - 0 run(s), 0 hit(s), 0 error(s), 1 left on base; Otsego 11 - Trenton 1
BOTTOM OF THE 7TH
Trenton Stars batting - Pitching for Otsego Bulldogs : RHP Troy Parker
Batting: RHB Gabriel Villegas 0-0: Ball
1-0: Swinging Strike
1-1: Ground out 4-3 (Groundball, 4)
Batting: RHB Clancy Booker 0-0: Called Strike
0-1: Ball
1-1: Called Strike
1-2: Strikes out swinging
Batting: RHB Kenji Murayama 0-0: Foul Ball, location: 2F
0-1: Ball
1-1: Ball
2-1: SINGLE (Line Drive, 5L)
Batting: RHB José Barajas 0-0: Ball
Wild Pitch!
Kenji Murayama to second
1-0: Foul Ball, location: 2F
1-1: Foul Ball, location: 2F
1-2: Ball
2-2: Foul Ball, location: 2F
2-2: Ball
Wild Pitch!
Kenji Murayama to third
3-2: Ground out 1-3 (Groundball, P)
Bottom of the 7th over - 0 run(s), 1 hit(s), 0 error(s), 1 left on base; Otsego 11 - Trenton 1
TOP OF THE 8TH
Otsego Bulldogs batting - Pitching for Trenton Stars : RHP José Gómez
Batting: RHB Patrick Potts 0-0: Ball
1-0: Swinging Strike
1-1: Ball
2-1: Foul Ball, location: 2F
2-2: Ball
3-2: Base on Balls
Batting: RHB Jim Beck 0-0: Ball
Patrick Potts steals 2nd base
1-0: Foul Ball, location: 2F
1-1: SINGLE (Line Drive, 6M)
Patrick Potts to third
Pitching: RHP Bartolo Rodríguez
Batting: RHB Armando Cuevas 0-0: Called Strike
0-1: Ball
1-1: Called Strike
1-2: Foul Ball, location: 2F
1-2: Foul Ball, location: 2F
1-2: Foul Ball, location: 2F
1-2: Strikes out swinging
Batting: RHB Ramiro Chávez 0-0: Ball
1-0: Foul Ball, location: 2F
1-1: Swinging Strike
1-2: Ball
2-2: Ball
3-2: Fly out, F8 (Flyball, 78XD)
Runner from 3rd tags up, SCORES, no throw
Batting: RHB Kyung-bok Cho 0-0: Fielders Choice at 2nd, 6-4 (Groundball, 6)
Top of the 8th over - 1 run(s), 1 hit(s), 0 error(s), 0 left on base; Otsego 12 - Trenton 1
BOTTOM OF THE 8TH
Trenton Stars batting - Pitching for Otsego Bulldogs : RHP Troy Parker
Batting: SHB Nick Marshall 0-0: Ball
1-0: Ground out 4-3 (Groundball, 4D)
Batting: RHB Felipe Olivas 0-0: Swinging Strike
0-1: Ground out 4-3 (Groundball, 4MD)
Batting: RHB Rafael Canales 0-0: Called Strike
0-1: Ball
1-1: DOUBLE (Line Drive, 7LS)
Pitching: RHP Ricardo Trujillo
Batting: LHB Lee Burton 0-0: Ball
1-0: Ball
2-0: Ball
3-0: Fly out, F8 (Flyball, 8LM)
Bottom of the 8th over - 0 run(s), 1 hit(s), 0 error(s), 1 left on base; Otsego 12 - Trenton 1
TOP OF THE 9TH
Otsego Bulldogs batting - Pitching for Trenton Stars : RHP Bartolo Rodríguez
Batting: RHB José Martínez 0-0: Ball
1-0: Ball
2-0: Called Strike
2-1: Fly out, F7 (Flyball, 7)
Batting: LHB Mario Cornelo 0-0: Ball
1-0: Ball
2-0: Ball
3-0: Base on Balls
Batting: RHB Ryosei Yamamoto 0-0: Ball
1-0: Fly out, F5 (Line Drive, 5)
Batting: RHB Jorge Cisneros 0-0: Ball
1-0: Called Strike
1-1: Ball
2-1: Foul Ball, location: 2F
2-2: Strikes out swinging
Top of the 9th over - 0 run(s), 0 hit(s), 0 error(s), 1 left on base; Otsego 12 - Trenton 1
BOTTOM OF THE 9TH
Trenton Stars batting - Pitching for Otsego Bulldogs : RHP Ricardo Trujillo
Now at 3B: Luis Maldonado
Now at SS: Fernando Pérez
Batting: LHB Ricardo Brandariz 0-0: SINGLE (Groundball, 4MD)
Batting: RHB Gabriel Villegas 0-0: Ball
1-0: Foul Ball, location: 2F
1-1: Swinging Strike
1-2: Strikes out swinging
Batting: RHB Clancy Booker 0-0: Called Strike
0-1: Foul Ball, location: 2F
0-2: Ball
1-2: Foul Ball, location: 2F
1-2: Ball
2-2: Fly out, F4 (Line Drive, 4)
Batting: RHB Kenji Murayama 0-0: Called Strike
0-1: Ball
1-1: Called Strike
1-2: Strikes out looking
Bottom of the 9th over - 0 run(s), 1 hit(s), 0 error(s), 1 left on base; Otsego 12 - Trenton 1
Thursday, March 30th, 2017 - OOTP Baseball 17.12 Build 75